Map: Ephemeron LE

Players

DRG - Winner!

  • Race: Zerg Zerg
  • League: Master
  • Spawn Location: 5:00

Bomber

  • Race: Terran Terran
  • Spawn Location: 11:00

VOD

Have the link to the VOD?

Description

Time

  • Played on: Jan. 15, 2020, 5:46 a.m.
  • Length: 12:22
Show
View Real Time Build Order
Export as new Build Order

DRG Zerg - Winner!

Build Orders: Hatch First, Muta Ling Bane 

Get SALT Encoding   

  12  0:00  Drone  
  13  0:12  Overlord  
  13  0:16  Drone  
  14  0:30  Drone  
  14  0:31  Drone  
  16  0:47  Hatchery  
  15  0:51  Drone  
  15  0:54  Drone  
  17  0:58  Drone  
  18  1:08  Extractor  
  17  1:13  Spawning Pool  
  17  1:16  Drone  
  17  1:20  Drone  
  18  1:28  Drone  
  19  1:39  Drone  
  20  1:50  Drone  
  21  2:00  Queen x2  
  27  2:01  Zergling x4  
  27  2:08  Metabolic Boost  
  27  2:11  Overlord  
  27  2:12  Drone  
  28  2:32  Drone  
  28  2:34  Hatchery  
  28  2:36  Drone  
  29  2:40  Drone x2  
  31  2:48  Queen  
  33  2:56  Overlord  
  33  3:00  Pneumatized Carapace  
  33  3:03  Drone  
  34  3:06  Drone  
  34  3:12  Drone  
  36  3:15  Drone x3  
  36  3:18  Drone x2  
  41  3:22  Overlord  
  41  3:25  Drone  
  42  3:31  Queen  
  44  3:40  Overlord  
  44  3:41  Drone x2  
  44  3:44  Drone x2  
  48  3:49  Queen  
  48  3:52  Drone x3  
  53  3:57  Overlord  
  53  3:59  Drone x2  
  53  4:01  Overlord  
  55  4:05  Drone x2  
  57  4:14  Queen, Overlord, Baneling Nest  
  58  4:17  Overlord  
  58  4:19  Drone  
  58  4:23  Zergling x4  
  61  4:27  Zergling x2  
  61  4:28  Zergling x2  
  61  4:30  Lair  
  63  4:34  Drone x2  
  65  4:39  Drone  
  65  4:40  Drone x3  
  65  4:43  Overlord  
  65  4:45  Drone x2  
  71  4:50  Zergling x2, Queen  
  74  4:55  Zergling x10  
  74  4:57  Baneling x4  
  79  5:02  Zergling x8  
  79  5:03  Baneling  
  79  5:06  Zergling x2  
  79  5:07  Zergling x2  
  84  5:16  Zergling x2  
  84  5:17  Zergling x4  
  81  5:23  Drone x3  
  81  5:26  Extractor, Drone x3  
  81  5:27  Extractor x2  
  81  5:35  Drone  
  82  5:36  Drone  
  82  5:37  Overlord  
  82  5:41  Evolution Chamber  
  82  5:42  Extractor, Evolution Chamber  
  80  5:43  Extractor  
  80  5:46  Drone x2  
  80  5:48  Overlord  
  81  5:52  Baneling Nest  
  81  5:53  Hatchery  
  81  5:56  Drone x3  
  82  5:58  Drone  
  82  5:59  Drone x4  
  82  6:00  Hatchery  
  86  6:04  Drone  
  86  6:05  Drone x2  
  89  6:12  Zerg Ground Armor Level 1, Zerg Melee Weapons Level 1  
  89  6:13  Drone x3  
  92  6:21  Drone x3  
  95  6:27  Spire, Overlord  
  95  6:29  Overlord  
  95  6:30  Overlord  
  94  6:36  Centrifical Hooks  
  94  6:39  Zergling x12  
  99  6:53  Baneling  
  99  6:54  Baneling x6  
  99  6:55  Drone x9  
  99  6:59  Overlord x2  
  108  7:05  Zergling x10  
  115  7:12  Zergling x6  
  116  7:22  Drone x6  
  121  7:23  Drone  
  121  7:25  Extractor  
  121  7:28  Overlord  
  121  7:31  Overlord  
  121  7:33  Overlord x2  
  120  7:37  Zergling x2  
  120  7:38  Zergling x16  
  120  7:39  Baneling x11  
  120  7:40  Baneling x4  
  120  7:42  Zergling x2  
  130  7:45  Zergling x4  
  130  7:51  Zergling x14  
  139  7:54  Zergling x10  
  144  7:59  Zergling x10  
  144  8:03  Zerg Flyer Weapons Level 1  
  144  8:04  Zergling x2  
  150  8:07  Baneling x5  
  150  8:08  Zerg Melee Weapons Level 2  
  150  8:09  Zerg Ground Armor Level 2  
  150  8:10  Zergling x6  
  153  8:22  Overlord x2  
  153  8:29  Mutalisk x6  
  165  8:35  Mutalisk x2  
  165  8:38  Zergling x12  
  175  8:42  Zergling x8  
  179  8:52  Hatchery  
  179  8:53  Mutalisk x5  
  188  8:58  Baneling  
  188  8:59  Baneling x4  
  188  9:00  Zergling x14  
  188  9:02  Zergling x4  
  177  9:13  Zergling x2  
  177  9:14  Zergling x24  
  149  9:19  Zergling x12  
  149  9:22  Baneling x2  
  148  9:26  Baneling x6  
  148  9:27  Zergling x8  
  148  9:31  Zergling x10  
  155  9:32  Zergling x2  
  156  9:39  Zergling x2  
  156  9:40  Zergling x6  
  156  9:43  Zergling x2  
  161  9:45  Zergling x2  
  161  9:46  Zergling x4  
  161  9:49  Zergling x10  
  161  9:52  Mutalisk x2  
  169  9:54  Baneling x11  
  169  9:56  Baneling x8  
  169  9:57  Zergling x4  
  175  10:01  Zergling x8  
  175  10:04  Zergling x6  
  182  10:07  Baneling x8  
  182  10:10  Zergling x6  
  182  10:12  Baneling x6  
  185  10:16  Zergling x8  
  185  10:20  Zergling x8  
  189  10:25  Zergling x10  
  183  10:33  Zergling x18  
  154  10:38  Zergling x12  
  156  10:43  Baneling x2  
  156  10:46  Baneling  
  156  10:47  Baneling x7  
  156  10:48  Mutalisk x3  
  162  10:52  Zergling x2  
  162  10:53  Zergling x10  
  168  10:58  Zergling x12  
  168  11:01  Baneling x7  
  157  11:12  Zergling x2  
  157  11:13  Zergling x22  
  157  11:14  Zergling x2  
  157  11:18  Baneling x8  
  170  11:24  Zergling x18  
  179  11:29  Baneling x2  
  179  11:30  Baneling x10  
  179  11:34  Zergling x10  
  179  11:37  Baneling x5  
  179  11:39  Zergling x4  
  184  11:47  Zergling x14  
  184  11:51  Zergling x6  
  193  11:54  Baneling x11  
  193  11:56  Zergling x4  
  195  12:02  Zergling x8  
Show
View Real Time Build Order
Export as new Build Order

Bomber Terran 

Build Orders: Hellion Opening, Reaper Expand 

Get SALT Encoding   

  12  0:00  SCV  
  13  0:13  SCV  
  14  0:17  Supply Depot  
  14  0:25  SCV  
  15  0:38  SCV  
  15  0:40  Barracks  
  16  0:44  Refinery  
  16  0:50  SCV  
  17  1:02  SCV  
  18  1:15  SCV  
  19  1:27  Reaper, Orbital Command  
  20  1:39  Command Center  
  20  1:49  Supply Depot  
  20  1:52  SCV  
  21  1:59  Marine  
  22  2:04  SCV  
  22  2:06  Factory  
  23  2:12  Refinery  
  23  2:17  SCV  
  23  2:21  Barracks Reactor  
  24  2:29  SCV  
  25  2:41  SCV  
  26  2:52  Starport, Orbital Command  
  26  2:53  SCV  
  27  3:00  Supply Depot  
  27  3:03  Hellion  
  27  3:04  Barracks Tech Lab  
  27  3:05  SCV, Hellion  
  32  3:17  SCV  
  32  3:18  SCV  
  34  3:25  Hellion  
  34  3:26  Hellion  
  38  3:27  Viking  
  38  3:29  SCV  
  38  3:31  SCV  
  42  3:34  Supply Depot  
  42  3:40  Marauder  
  44  3:41  SCV  
  44  3:46  SCV  
  44  3:48  Hellion  
  48  3:50  Hellion  
  51  4:01  Medivac  
  52  4:04  Armory  
  52  4:06  Concussive Shells, Marauder  
  54  4:12  SCV, Hellion x2  
  54  4:13  SCV  
  54  4:16  Supply Depot  
  60  4:25  SCV x2  
  64  4:38  SCV x2  
  64  4:39  Command Center  
  64  4:40  Marine  
  64  4:42  Starport Reactor  
  65  4:49  Stimpack  
  65  4:50  SCV x2  
  65  4:51  Factory Tech Lab  
  67  4:59  Engineering Bay  
  67  5:01  Barracks  
  67  5:02  SCV x2  
  67  5:03  Marine  
  67  5:04  Engineering Bay  
  69  5:15  SCV  
  69  5:18  SCV  
  61  5:23  Marine  
  61  5:27  SCV, Refinery  
  57  5:28  Refinery  
  57  5:31  SCV  
  57  5:33  Barracks, Terran Infantry Weapons Level 1, Terran Infantry Armor Level 1  
  58  5:37  Starport Reactor  
  58  5:39  SCV  
  58  5:40  Marine  
  58  5:41  Barracks  
  60  5:43  SCV  
  60  5:44  Barracks  
  61  5:51  SCV  
  61  5:52  Orbital Command  
  61  5:55  SCV, Marine x2  
  61  5:56  Siege Tank  
  68  5:58  Marine  
  68  6:03  SCV  
  70  6:07  SCV  
  70  6:10  Supply Depot  
  71  6:13  Marine x2, Medivac  
  71  6:15  SCV  
  71  6:16  Marine  
  77  6:20  SCV  
  77  6:22  Marine x2  
  77  6:23  Supply Depot, Orbital Command  
  80  6:27  SCV  
  80  6:28  Supply Depot, Factory  
  80  6:31  Marine x2  
  80  6:32  Siege Tank  
  86  6:34  Marine  
  86  6:35  SCV  
  86  6:39  SCV, Marine  
  89  6:40  Marine  
  89  6:41  Barracks Reactor x2  
  91  6:47  SCV  
  91  6:49  Marine  
  91  6:50  Supply Depot  
  91  6:51  SCV  
  91  6:52  Marine x2  
  91  6:53  Supply Depot  
  96  6:55  SCV  
  96  6:57  Marine x2  
  96  7:00  SCV  
  100  7:04  Siege Tank  
  100  7:05  SCV  
  100  7:06  Marine  
  100  7:07  SCV  
  106  7:10  Marine  
  106  7:12  SCV  
  106  7:13  Marine  
  106  7:14  Supply Depot  
  106  7:15  Marine x2, Supply Depot  
  109  7:19  Marine x2  
  109  7:21  Marine x2  
  114  7:24  Marine, Factory Tech Lab  
  114  7:27  Marine  
  116  7:31  Marine  
  116  7:33  Marine x2, Supply Depot  
  116  7:34  SCV  
  116  7:35  SCV x2, Refinery  
  116  7:36  Refinery  
  125  7:37  Marine x2, Supply Depot, Medivac, Siege Tank  
  125  7:39  Marine  
  125  7:43  Marine x2  
  134  7:46  Marine  
  134  7:49  Marine, Siege Tank  
  134  7:51  Marine x2  
  140  7:53  Terran Infantry Weapons Level 2  
  140  7:55  Marine x2, Terran Infantry Armor Level 2  
  140  7:57  Marine  
  142  8:00  Marine  
  142  8:04  Supply Depot  
  142  8:05  Marine x2  
  144  8:06  Supply Depot  
  144  8:07  Marine  
  144  8:08  Medivac  
  144  8:09  Marine  
  144  8:11  Marine  
  144  8:12  Combat Shield  
  150  8:14  Marine x2  
  150  8:15  Marine  
  153  8:20  Marine  
  153  8:23  Marine x2, Missile Turret  
  153  8:25  Marine  
  153  8:26  Marine  
  158  8:29  Marine  
  158  8:31  Siege Tank  
  158  8:32  Marine x3  
  165  8:36  Supply Depot  
  165  8:38  Marine, Supply Depot x2  
  165  8:40  Medivac  
  165  8:41  Marine x2  
  170  8:42  Marine  
  170  8:44  Marine  
  170  8:47  Marine  
  173  8:54  Supply Depot x2  
  173  8:57  Marine x3, Medivac, Siege Tank  
  173  8:59  Marine x3  
  173  9:00  Marine  
  173  9:02  Marine  
  186  9:04  Marine  
  176  9:15  Marine x3  
  142  9:17  Marine x3  
  142  9:18  Marine  
  142  9:20  Marine  
  142  9:21  Medivac, Siege Tank  
  142  9:22  Marine  
  146  9:29  Siege Tank  
  149  9:33  Marine x3  
  149  9:35  Marine x3  
  149  9:36  Marine  
  149  9:38  Marine  
  157  9:40  Marine  
  157  9:44  Command Center  
  158  9:50  Marine x3, Medivac  
  163  9:53  Marine x3, Siege Tank  
  163  9:54  Marine  
  163  9:55  Marine  
  163  9:57  Medivac  
  163  9:58  Marine  
  174  10:01  Siege Tank  
  174  10:06  Sensor Tower  
  177  10:08  Marine x3  
  177  10:11  Marine x4  
  177  10:13  Marine  
  185  10:16  Marine  
  186  10:27  Marine x2  
  181  10:30  Marine x5  
  181  10:31  Marine  
  181  10:33  Marine  
  147  10:38  Medivac x2  
  140  10:44  Siege Tank x2  
  140  10:45  Marine x2  
  140  10:47  Marine  
  140  10:48  Marine x4  
  140  10:49  Marine  
  150  10:53  Marine  
  150  10:55  Barracks  
  151  10:57  Barracks  
  151  11:03  Marine x2  
  153  11:05  Marine  
  153  11:06  Marine  
  139  11:11  Marine  
  139  11:12  Marine x4  
  139  11:16  Siege Tank x2  
  143  11:19  Medivac x2  
  143  11:20  Marine  
  143  11:21  Marine  
  143  11:23  Marine x2  
  151  11:29  Marine x3  
  151  11:32  Marine x2  
  155  11:38  Marine  
  155  11:39  Marine  
  158  11:41  Marine x2  
  156  11:47  Marine x3  
  156  11:48  Siege Tank  
  156  11:50  Marine x2  
  160  11:58  Marine x3  
  160  11:59  Marine  
Tags
 
Add a new tag
Caveats
  • Supply blocks, unpowered buildings, or Contaminate may cause inaccurate times.
  • Supply counts are checked every 10 seconds.